PAA
TACOMA FUR TRADERS @ LANNISTER UNITED LIONHEARTS
06/02/2025
 
TOP OF THE 1ST
Tacoma Fur Traders batting - Pitching for Lannister United Lionhearts : RHP Enea Dini
Pitching: RHP Enea Dini
Batting: RHB Luis Flores 0-0: Foul Ball, location: 2F
0-1: Ball
1-1: Foul Ball, location: 2F
1-2: Hit by Pitch
Batting: RHB Jenkins Hall 0-0: Called Strike
0-1: Ball
1-1: Ground out 5-3 (Groundball, 56S)
Luis Flores to second
Batting: RHB Rubén Alvarado 0-0: Ball
1-0: Ball
2-0: Called Strike
2-1: Called Strike
2-2: Ball
3-2: Fly out, F8 (Flyball, 8RS)
Batting: LHB Sal Bradshaw 0-0: Foul Ball, location: 2F
0-1: Swinging Strike
0-2: Strikes out swinging
Top of the 1st over - 0 run(s), 0 hit(s), 0 error(s), 1 left on base; Tacoma 0 - Lannister United 0
BOTTOM OF THE 1ST
Lannister United Lionhearts batting - Pitching for Tacoma Fur Traders : RHP Xavier Benítez
Pitching: RHP Xavier Benítez
Batting: LHB António Boccanegra 0-0: Called Strike
0-1: Called Strike
0-2: Ball
1-2: Reached on error, E5 (Popup, 5D)
Batting: RHB Bruce Ingilby 0-0: Ball
1-0: Ball
2-0: Called Strike
2-1: Ball
3-1: Called Strike
3-2: Base on Balls
António Boccanegra to second
Batting: LHB Gonzalo Álvarez 0-0: Called Strike
0-1: Ball
1-1: Swinging Strike
1-2: Strikes out swinging
Batting: RHB Tony Martínez 0-0: Ball
1-0: Foul Ball, location: 2F
1-1: Grounds into double play, 5-4-3 (Groundball, 56)
Bottom of the 1st over - 0 run(s), 0 hit(s), 1 error(s), 1 left on base; Tacoma 0 - Lannister United 0
TOP OF THE 2ND
Tacoma Fur Traders batting - Pitching for Lannister United Lionhearts : RHP Enea Dini
Batting: RHB Iván Rodríguez 0-0: Ball
1-0: Ground out 5-3 (Groundball, 56S)
Batting: LHB Michael Whorton 0-0: Ball
1-0: Ball
2-0: Bunt missed!
2-1: Ball
3-1: Called Strike
3-2: Ground out 5-3 (Groundball, 5)
Batting: RHB Tim Lehman 0-0: Ball
1-0: Called Strike
1-1: Foul Ball, location: 2F
1-2: Ball
2-2: Ball
3-2: Base on Balls
Batting: RHB Rex Long 0-0: Foul Ball, location: 2F
0-1: Ball
1-1: Swinging Strike
1-2: Ball
Tim Lehman is caught stealing 2nd base
Top of the 2nd over - 0 run(s), 0 hit(s), 0 error(s), 0 left on base; Tacoma 0 - Lannister United 0
BOTTOM OF THE 2ND
Lannister United Lionhearts batting - Pitching for Tacoma Fur Traders : RHP Xavier Benítez
Batting: LHB Evan Nelson 0-0: Ball
1-0: Ball
2-0: Called Strike
2-1: Ball
3-1: SINGLE (Flyball, 9S)
Batting: SHB Corey Neace 0-0: Ball
1-0: Called Strike
1-1: Foul Ball, location: 2F
1-2: Fielders Choice at 2nd, 4-6 (Groundball, 34)
Batting: LHB Jon Baxter 0-0: Fly out, F4 (Flyball, 34D)
Batting: RHB Jason Compton 0-0: Called Strike
0-1: Ball
1-1: Ball
Corey Neace steals 2nd base
2-1: Ground out 6-3 (Groundball, 6)
Bottom of the 2nd over - 0 run(s), 1 hit(s), 0 error(s), 1 left on base; Tacoma 0 - Lannister United 0
TOP OF THE 3RD
Tacoma Fur Traders batting - Pitching for Lannister United Lionhearts : RHP Enea Dini
Batting: RHB Rex Long 0-0: Ball
1-0: SINGLE (Line Drive, 56)
Batting: SHB Vicente Pueblo 0-0: Ball
1-0: Ball
2-0: Called Strike
2-1: Ball
3-1: Base on Balls
Rex Long to second
Batting: RHB Luis Flores 0-0: Ball
1-0: Called Strike
1-1: Foul Ball, location: 2F
1-2: Ball
2-2: Strikes out looking
Batting: RHB Jenkins Hall 0-0: Grounds out, U3 (Groundball, 3L)
Rex Long to third
Batting: RHB Rubén Alvarado 0-0: Ball
1-0: Ball
2-0: Called Strike
2-1: Foul Ball, location: 2F
2-2: Ball
3-2: Base on Balls
Batting: LHB Sal Bradshaw 0-0: Called Strike
0-1: Ball
1-1: Ball
2-1: Foul Ball, location: 2F
2-2: Ball
3-2: Foul Ball, location: 2F
3-2: Base on Balls
Rex Long scores
Vicente Pueblo to third
Rubén Alvarado to second
Batting: RHB Iván Rodríguez 0-0: Fielders Choice at 2nd, 5-4 (Groundball, 56)
Top of the 3rd over - 1 run(s), 1 hit(s), 0 error(s), 2 left on base; Tacoma 1 - Lannister United 0
BOTTOM OF THE 3RD
Lannister United Lionhearts batting - Pitching for Tacoma Fur Traders : RHP Xavier Benítez
Batting: LHB Walter Frampton 0-0: Swinging Strike
0-1: SINGLE (Groundball, 34D)
Batting: LHB António Boccanegra 0-0: Ball
1-0: Ball
2-0: Called Strike
2-1: Foul Ball, location: 2F
2-2: Ball
3-2: Fly out, F7 (Flyball, 7S)
Batting: RHB Bruce Ingilby 0-0: Ground out 5-3 (Groundball, 56)
Walter Frampton to second
Batting: LHB Gonzalo Álvarez 0-0: Ball
1-0: Ball
2-0: Called Strike
2-1: SINGLE (Groundball, 5D)
Walter Frampton to third
Runner from 3rd tries for Home, SAFE, no throw
Batting: RHB Tony Martínez 0-0: Ground out 5-3 (Groundball, 56)
Bottom of the 3rd over - 1 run(s), 2 hit(s), 0 error(s), 1 left on base; Tacoma 1 - Lannister United 1
TOP OF THE 4TH
Tacoma Fur Traders batting - Pitching for Lannister United Lionhearts : RHP Enea Dini
Batting: LHB Michael Whorton 0-0: Ball
1-0: Fly out, F6 (Line Drive, 6M)
Batting: RHB Tim Lehman 0-0: Ball
1-0: Ball
2-0: Ball
3-0: Called Strike
3-1: DOUBLE (Groundball, 3L)
Batting: RHB Rex Long 0-0: Foul Ball, location: 2F
0-1: Foul Ball, location: 2F
0-2: Ball
1-2: Ball
2-2: Ball
3-2: Ground out 6-3 (Groundball, 6)
Batting: SHB Vicente Pueblo 0-0: Swinging Strike
0-1: Ball
1-1: Ball
2-1: Ball
3-1: Fly out, F7 (Flyball, 7LM)
Top of the 4th over - 0 run(s), 1 hit(s), 0 error(s), 1 left on base; Tacoma 1 - Lannister United 1
BOTTOM OF THE 4TH
Lannister United Lionhearts batting - Pitching for Tacoma Fur Traders : RHP Xavier Benítez
Batting: LHB Evan Nelson 0-0: Called Strike
0-1: Ball
1-1: Ground out 5-3 (Groundball, 56)
Batting: SHB Corey Neace 0-0: Ground out 5-3 (Groundball, 56S)
Batting: LHB Jon Baxter 0-0: Ball
1-0: Ball
2-0: Foul Ball, location: 2F
2-1: Ball
3-1: Base on Balls
Batting: RHB Jason Compton 0-0: Ball
1-0: Called Strike
1-1: Ball
2-1: Fly out, F8 (Flyball, 8RS)
Bottom of the 4th over - 0 run(s), 0 hit(s), 0 error(s), 1 left on base; Tacoma 1 - Lannister United 1
TOP OF THE 5TH
Tacoma Fur Traders batting - Pitching for Lannister United Lionhearts : RHP Enea Dini
Batting: RHB Luis Flores 0-0: Swinging Strike
0-1: Foul Ball, location: 2F
0-2: Foul Ball, location: 2F
0-2: Strikes out looking
Batting: RHB Jenkins Hall 0-0: Ball
1-0: Ball
2-0: Ground out 6-3 (Groundball, 6)
Batting: RHB Rubén Alvarado 0-0: Ball
1-0: Swinging Strike
1-1: Foul Ball, location: 2F
1-2: Fly out, F9 (Flyball, 9S)
Top of the 5th over - 0 run(s), 0 hit(s), 0 error(s), 0 left on base; Tacoma 1 - Lannister United 1
BOTTOM OF THE 5TH
Lannister United Lionhearts batting - Pitching for Tacoma Fur Traders : RHP Xavier Benítez
Batting: LHB Walter Frampton 0-0: Ball
1-0: Ground out 4-3 (Groundball, 4)
Batting: LHB António Boccanegra 0-0: Ball
1-0: Ball
2-0: Called Strike
2-1: Swinging Strike
2-2: Foul Ball, location: 2F
2-2: Foul Ball, location: 2F
2-2: Fly out, F9 (Flyball, 9S)
Batting: RHB Bruce Ingilby 0-0: Foul Ball, location: 2F
0-1: Called Strike
0-2: Strikes out looking
Bottom of the 5th over - 0 run(s), 0 hit(s), 0 error(s), 0 left on base; Tacoma 1 - Lannister United 1
TOP OF THE 6TH
Tacoma Fur Traders batting - Pitching for Lannister United Lionhearts : RHP Enea Dini
Pitching: RHP Frank Castle
Batting: LHB Sal Bradshaw 0-0: Ball
1-0: Foul Ball, location: 2F
1-1: Called Strike
1-2: Ball
2-2: Ground out 1-3 (Groundball, 15S)
Batting: RHB Iván Rodríguez 0-0: Foul Ball, location: 2F
0-1: Foul Ball, location: 2F
0-2: Strikes out swinging
Batting: LHB Michael Whorton 0-0: Foul Ball, location: 2F
0-1: Ball
1-1: Ball
2-1: Foul Ball, location: 2F
2-2: Foul Ball, location: 2F
2-2: Strikes out looking
Top of the 6th over - 0 run(s), 0 hit(s), 0 error(s), 0 left on base; Tacoma 1 - Lannister United 1
BOTTOM OF THE 6TH
Lannister United Lionhearts batting - Pitching for Tacoma Fur Traders : RHP Xavier Benítez
Batting: LHB Gonzalo Álvarez 0-0: Called Strike
0-1: Ball
1-1: Ball
2-1: Ground out 4-3 (Groundball, 4)
Batting: RHB Tony Martínez 0-0: Fly out, F9 (Flyball, 9S)
Batting: LHB Evan Nelson 0-0: Foul Ball, location: 2F
0-1: Ball
1-1: Ground out U3 (Groundball, 3)
Bottom of the 6th over - 0 run(s), 0 hit(s), 0 error(s), 0 left on base; Tacoma 1 - Lannister United 1
TOP OF THE 7TH
Tacoma Fur Traders batting - Pitching for Lannister United Lionhearts : RHP Frank Castle
Pinch Hitting: LHB Jim Unknown 0-0: Ball
1-0: Ball
2-0: Called Strike
2-1: Foul Ball, location: 2F
2-2: Foul Ball, location: 2F
2-2: Foul Ball, location: 2F
2-2: Foul Ball, location: 2F
2-2: Foul Ball, location: 2F
2-2: Ball
3-2: Fly out, F9 (Flyball, 9)
Pinch Hitting: LHB Jim Unknown 0-0: Fly out, F9 (Flyball, 9S)
Batting: SHB Vicente Pueblo 0-0: Ball
1-0: Foul Ball, location: 2F
1-1: Swinging Strike
1-2: Ball
2-2: Ball
3-2: Base on Balls
Batting: RHB Luis Flores 0-0: Ball
1-0: Fielders Choice at 2nd, 6-4 (Groundball, 6)
Top of the 7th over - 0 run(s), 0 hit(s), 0 error(s), 0 left on base; Tacoma 1 - Lannister United 1
BOTTOM OF THE 7TH
Lannister United Lionhearts batting - Pitching for Tacoma Fur Traders : RHP Xavier Benítez
Now at 1B: Jim Unknown
Now in CF: Jim Unknown
Batting: SHB Corey Neace 0-0: Ground out U3 (Groundball, 34)
Batting: LHB Jon Baxter 0-0: Called Strike
0-1: Ball
1-1: Foul Ball, location: 2F
1-2: Fly out, F5 (Line Drive, 56)
Batting: RHB Jason Compton 0-0: Ball
1-0: Ball
2-0: SINGLE (Groundball, 6) (infield hit)
Batting: LHB Walter Frampton 0-0: Ball
1-0: Called Strike
1-1: Called Strike
1-2: Ball
2-2: Foul Ball, location: 2F
2-2: Ball
3-2: Base on Balls
Jason Compton to second
Pitching: RHP Jeff Pearce
Batting: LHB António Boccanegra 0-0: Foul Ball, location: 2F
0-1: Fielders Choice at 2nd, 4-6 (Groundball, 34)
Bottom of the 7th over - 0 run(s), 1 hit(s), 0 error(s), 1 left on base; Tacoma 1 - Lannister United 1
TOP OF THE 8TH
Tacoma Fur Traders batting - Pitching for Lannister United Lionhearts : RHP Frank Castle
Batting: RHB Jenkins Hall 0-0: Swinging Strike
0-1: Ball
1-1: Ball
2-1: Foul Ball, location: 2F
2-2: Foul Ball, location: 2F
2-2: Ground out 4-3 (Groundball, 4)
Batting: RHB Rubén Alvarado 0-0: Called Strike
0-1: Called Strike
0-2: Ball
1-2: Ball
2-2: Strikes out swinging
Pitching: RHP Miguel Cervantes
Batting: LHB Sal Bradshaw 0-0: Ball
1-0: Foul Ball, location: 2F
1-1: Ball
2-1: Ball
3-1: Base on Balls
Batting: RHB Iván Rodríguez 0-0: Ball
1-0: Called Strike
1-1: Ball
2-1: Ball
3-1: Called Strike
3-2: Ground out 5-3 (Groundball, 56S)
Top of the 8th over - 0 run(s), 0 hit(s), 0 error(s), 1 left on base; Tacoma 1 - Lannister United 1
BOTTOM OF THE 8TH
Lannister United Lionhearts batting - Pitching for Tacoma Fur Traders : RHP Jeff Pearce
Pinch Hitting: RHB Bartolo Martínez 0-0: Ball
1-0: Ball
2-0: Ball
3-0: Called Strike
3-1: Ground out 6-3 (Groundball, 6)
Batting: LHB Gonzalo Álvarez 0-0: Called Strike
0-1: Fly out, F8 (Flyball, 8LM)
Batting: RHB Tony Martínez 0-0: Ball
1-0: Foul Ball, location: 2F
1-1: Ball
2-1: Foul Ball, location: 2F
2-2: Ball
3-2: Foul Ball, location: 2F
3-2: Strikes out looking
Bottom of the 8th over - 0 run(s), 0 hit(s), 0 error(s), 0 left on base; Tacoma 1 - Lannister United 1
TOP OF THE 9TH
Tacoma Fur Traders batting - Pitching for Lannister United Lionhearts : RHP Miguel Cervantes
Pitching: RHP José Montalópez
Now at 2B: Dave Schroeder
Batting: LHB Michael Whorton 0-0: Ball
1-0: Ball
2-0: Swinging Strike
2-1: Ball
3-1: Base on Balls
Batting: LHB Jim Unknown 0-0: Sac Bunt - play at first, batter OUT! 1-3
Michael Whorton to second
Batting: LHB Jim Unknown 0-0: Ball
Michael Whorton is caught stealing 3rd base
1-0: Ball
2-0: DOUBLE (Line Drive, 9LM)
Batting: SHB Vicente Pueblo 0-0: DOUBLE (Flyball, 89XD)
Jim Unknown scores
Batting: RHB Luis Flores 0-0: Ball
1-0: Ball
2-0: Foul Ball, location: 2F
2-1: Ball
3-1: Fly out, F8 (Flyball, 8RXD)
Top of the 9th over - 1 run(s), 2 hit(s), 0 error(s), 1 left on base; Tacoma 2 - Lannister United 1
BOTTOM OF THE 9TH
Lannister United Lionhearts batting - Pitching for Tacoma Fur Traders : RHP Jeff Pearce
Pitching: LHP Lonnie Barrett
Pinch Hitting: RHB Alberto Blanco 0-0: Ball
1-0: Called Strike
1-1: Ball
2-1: Ball
3-1: Swinging Strike
3-2: Fly out, F4 (Popup, 4D)
Pinch Hitting: RHB Ron Morton 0-0: SINGLE (Groundball, 56S) (infield hit)
Pinch Hitting: RHB Roberto Vázquez 0-0: Ball
1-0: Called Strike
1-1: Ball
2-1: Ball
3-1: Base on Balls
Ron Morton to second
Batting: RHB Jason Compton 0-0: Called Strike
0-1: Called Strike
0-2: Ball
1-2: Foul Ball, location: 2F
1-2: Ball
2-2: Fly out, F9 (Flyball, 9)
Pinch Hitting: RHB Ángel Arroyo 0-0: Ball
1-0: Ground out 5-3 (Groundball, 56S)
Bottom of the 9th over - 0 run(s), 1 hit(s), 0 error(s), 2 left on base; Tacoma 2 - Lannister United 1
Friday, December 30th, 2016 - OOTP Baseball 17.12 Build 75